 Dungeon Crawl Stone Soup version 0.30-a0-857-gcaf70739d4 (webtiles) character file.

Game seed: 448138614564115994

91 bthestone the Covered (level 4, -8/40 HPs)
             Began as an Armataur Berserker on Mar 5, 2023.
             Was a Believer of Trog.
             Killed by nerve-wracking pain
             ... invoked by an orc priest
              (11 damage)
             ... on level 3 of the Dungeon.
             The game lasted 00:06:22 (1773 turns).

bthestone the Covered (Armataur Berserker)          Turns: 1773, Time: 00:06:22

Health: -8/40      AC:  9    Str: 24    XL:     4   Next: 34%
Magic:  4/4        EV:  9    Int: 14    God:    Trog [**....]
Gold:   105        SH:  0    Dex:  9    Spells: 3/3 levels left

rFire   . . .      SeeInvis .    f - +1 whip (holy)
rCold   . . .      Faith    .    (no shield)
rNeg    . . .      Spirit   .    b - +3 leather armour
rPois   .          Reflect  .    k - +0 helmet
rElec   .          Roll     +    (no cloak)
rCorr   .                        (no gloves)
Will    .....                    (no barding)
Stlth   +                        (no amulet)
HPRegen 0.26/turn                e - +6 ring of intelligence
MPRegen 0.09/turn                (no ring)

@: no status effects
A: large, rugged brown scales 3, deformed body, armoured tail, roll, long
tongue, awkward tongue
a: Renounce Religion, Berserk, Trog's Hand


You were on level 3 of the Dungeon.
You worshipped Trog.
Trog was pleased with you.
You visited 1 branch of the dungeon, and saw 3 of its levels.

You collected 105 gold pieces.

Inventory:

Hand Weapons
 f - a +1 whip of holy wrath (weapon)
 l - a +0 dagger of venom
Armour
 b - a +3 leather armour (worn)
 g - a +0 ring mail
 k - a +0 helmet (worn)
 m - a +1 leather armour of fire resistance
Jewellery
 e - a +6 ring of intelligence (left hand)
Wands
 n - a wand of iceblast (6)
Scrolls
 a - a scroll of teleportation {unknown}
 i - a scroll of identify
Potions
 h - 3 potions of curing
 p - a potion of invisibility
 q - a potion of berserk rage
 r - a potion of heal wounds


   Skills:
 + Level 3.2 Fighting
 + Level 3.1 Long Blades
 + Level 1.6 Maces & Flails
 + Level 3.5 Armour
 + Level 1.6 Dodging


You had 3 spell levels left.
You didn't know any spells.
Your spell library was empty.

Dungeon Overview and Level Annotations

Branches:
Dungeon (3/15)

Altars:


Innate Abilities, Weirdness & Mutations

You are completely covered in rugged brown scales. (AC +3, +7% HP)
Armour fits poorly on your strangely shaped body.
You have a long armoured tail.
You roll when moving toward enemies. (Rampage)
Your long tongue fully drains potion bottles. (2x potion effects)
Your tongue gives you trouble enunciating. (1.5x scroll delay)


Message History

The orc wizard flickers and vanishes!
Deactivating autopickup; reactivate with Ctrl-A.
You closely miss the orc.
The orc is severely wounded.
The orc hits you but does no damage.
You hit the orc.
You kill the orc!
Trog accepts your kill.
The orc drinks a potion.
The orc goes berserk!
You roll towards the orc!
You barely miss the orc. The orc closely misses you.
The orc hits you with a +0 morningstar.
You closely miss the orc.
Your tail-slap misses the orc.
The orc barely misses you.
You barely miss the orc. The orc hits you with a +0 morningstar.
The orc hits you but does no damage.
You hit the orc but do no damage. The orc hits you but does no damage.
The orc priest invokes the aid of Beogh against you.
Beogh smites you!
You closely miss the orc. You tail-slap the orc.
The orc is moderately wounded.
The orc hits you with a +0 morningstar. The orc barely misses you.
You barely miss the orc.
The orc is moderately wounded.
The orc hits you with a +0 morningstar!
* * * LOW HITPOINT WARNING * * *
The orc completely misses you.
You barely miss the orc.
The orc is moderately wounded.
The orc hits you with a +0 morningstar.
* * * LOW HITPOINT WARNING * * *
You hit the orc but do no damage. You tail-slap the orc!
You kill the orc!
Trog accepts your kill. The orc priest hits you with a +0 whip.
* * * LOW HITPOINT WARNING * * *
You hit the orc priest.
The orc priest is moderately wounded.
The orc priest mumbles some strange prayers to Beogh against you.
Pain shoots through your body!
You die...

########....
............
#######.#...
#.[....... #.###.####
#.# #.# #.# #.#
#.#############.###.#
.....{o@.........##.#
#.#################.#
..#


You could see an orc priest.

Vanquished Creatures
  3 adders
  2 worms (D:2)
  2 dart slugs (D:2)
  2 orcs (D:3)
  5 endoplasms
  3 giant cockroaches
  5 goblins
  6 hobgoblins
  4 kobolds
  2 quokkas
  5 ball pythons
  6 bats
  2 frilled lizards
  A rat (D:2)
48 creatures vanquished.

Notes
Turn   | Place    | Note
-------+----------+-------------------------------------------
     0 | D:1      | bthestone the Armataur Berserker began the quest for the
                  | Orb.
     0 | D:1      | Reached XP level 1. HP: 19/19 MP: 1/1
   300 | D:1      | Reached XP level 2. HP: 13/26 MP: 2/2
   997 | D:2      | Reached XP level 3. HP: 26/33 MP: 3/3
  1023 | D:2      | Reached ** piety under Trog
  1116 | D:2      | Reached skill level 1 in Maces & Flails
  1390 | D:2      | Reached XP level 4. HP: 32/40 MP: 4/4
  1486 | D:2      | Found a faded altar of an unknown god.
  1773 | D:3      | Killed from afar by an orc priest

Illustrated notes

Levels and vault maps discovered:
D:1:      roderic_chinese_lattice_arrival, layout_loops_cross
D:2:      layout_loops_ring, ebering_ecumenical_altar_rust, amethyst_killhole,
          st_stairs_1, minmay_3d_cube
D:3:      layout_basic, minmay_misc_feat_columns, minmay_misc_feat_hallway,
          minmay_misc_feat_doors, grunt_ministairs_14, st_stairs_1

Skill      XL: |  1  2  3 |
---------------+----------+-----
Fighting       | 3 |  3.2
Long Blades    | 3 |  3.1
Armour         | 3 |  3.5
Maces & Flails | 1 |  1.6
Dodging        | |  1.6

Action                     |  1- 3 |  4- 6 || total
---------------------------+-------+-------++-------
  Melee: Whip              |   105 |    35 ||   140
         Falchion          |    13 |       ||    13
         Tailslap          |    12 |     3 ||    15
         Punch             |     2 |       ||     2
    Use: Scroll            |     2 |     4 ||     6
 Armour: Ring mail         |    55 |     1 ||    56
         Animal skin       |     4 |       ||     4
         Leather armour    |       |    12 ||    12
  Dodge: Dodged            |    55 |    12 ||    67

Table legend: (Time is in decaauts)
 A = Elapsed time spent in this place.
 B = Non-inter-level travel time spent in this place.
 C = Inter-level travel time spent in this place.
 D = Time resting spent in this place.
 E = Time spent auto-exploring this place.
 F = Levels seen in this place.
 G = Mean time per level.
                   A        B        C        D        E       F      G
               +--------+--------+--------+--------+--------+-----+--------+
         Total |   1786 |   1786 |      0 |      0 |   1118 |   3 |  595.3 |
       Dungeon |   1786 |   1786 |      0 |      0 |   1118 |   3 |  595.3 |
               +--------+--------+--------+--------+--------+-----+--------+

Top non-repeatable levels by time:
     D:1: 874 daAuts
     D:2: 718 daAuts
     D:3: 192 daAuts
